AoeStats
← yaniversary

Arabian Desert

510519421Analyzed
1v1 RM · 2d ago on Oct 1, 2026· 45m 37s· 2 players
Game mode
Random Map
Map size
Tiny (2 player)
Population
200
Speed
Normal
Resources
Standard
Victory
Conquest
Starting age
Dark Age
Ending age
Imperial Age
RankedLock teamsTeams togetherTeam positionsShared explorationLock speedFull tech treeHidden civsTurbo modeCheats
Victory
Defeat
🇩🇪 Turks · Germany
1876
+12
🇵🇹 Gurjaras · Portugal
1796
-12
_kmkm_
6:52 Loom
9:06 Feudal Age
9:39 Man-at-Arms
11:44 Double-Bit Axe
17:37 Horse Collar
18:16 Fletching
21:07 Wheelbarrow
24:10 Castle Age
22:37 Scale Barding Armor
24:20 Crossbowman
24:56 Bodkin Arrow
27:24 Bloodlines
31:48 Light Cavalry
34:42 Sanctity
36:33 Stone Mining
36:33 Gold Mining
37:09 Town Watch
37:31 Husbandry
42:42 Imperial Age
42:02 Forging
42:44 Chain Barding Armor
42:49 Heavy Camel Rider
44:31 Iron Casting
yaniversary
8:24 Feudal Age
9:36 Double-Bit Axe
10:13 Loom
16:45 Fletching
18:33 Padded Archer Armor
19:35 Horse Collar
25:20 Castle Age
24:09 Scale Barding Armor
24:44 Bloodlines
31:25 Bow Saw
34:34 Wheelbarrow
34:57 Husbandry
37:01 Hand Cart
40:48 Imperial Age
38:49 Bodkin Arrow
40:10 Ballistics
40:31 Thumb Ring
41:35 Bracer
43:59 Town Watch
45:18 Leather Archer Armor
Connection lost

Rejoining the realm…

Still unreachable

The connection could not be restored.

Session expired

The server has moved on; the page needs a fresh start.